 Dungeon Crawl Stone Soup version 0.27.1-3-gb3d3a73c9e (webtiles) character file.

Game seed: 17284882341323937194

44 Descartes the Ruffian (level 3, -4/35 HPs)
             Began as a Troll Warper on Oct 29, 2021.
             Slain by Terence (15 damage)
             ... on level 2 of the Dungeon.
             The game lasted 00:01:41 (754 turns).

Descartes the Ruffian (Troll Warper)                 Turns: 754, Time: 00:01:42

Health: -4/35      AC:  4    Str: 19    XL:     3   Next: 41%
Magic:  4/4        EV: 10    Int: 10    God:
Gold:   29         SH:  0    Dex:  9    Spells: 4/4 levels left

rFire    . . .     SeeInvis .     - Unarmed
rCold    . . .     Faith    .   (no shield)
rNeg     . . .     Spirit   .   a - +0 robe
rPois    .         Reflect  .   (helmet restricted)
rElec    .         Harm     .   (no cloak)
rCorr    .         Rampage  .   (gloves unavailable)
Will     .....                  (boots unavailable)
Stlth    +.........             (no amulet)
HPRegen  1.11/turn              (no ring)
MPRegen  0.09/turn              (no ring)

@: no status effects
A: large, unfitting armour, claws 3, regeneration 1, shaggy fur 1, tough skin 1
a: no special abilities


You were on level 2 of the Dungeon.
You visited 1 branch of the dungeon, and saw 2 of its levels.

You collected 29 gold pieces.

Inventory:

Missiles
 c - 5 boomerangs of dispersal (quivered)
 k - 3 stones
Armour
 a - a +0 robe (worn)
Scrolls
 b - a scroll of blinking
 d - 3 scrolls of fog {unknown}
 e - a scroll of torment {unknown}
 f - a scroll of teleportation {unknown}
 g - a scroll of enchant weapon {unknown}
 h - a scroll of identify {unknown}
 j - a scroll of magic mapping {unknown}
Potions
 i - a potion of cancellation {unknown}


   Skills:
 + Level 1.9 Fighting
 + Level 1.3 Throwing
 + Level 2.1 Dodging
 * Level 2.8 Unarmed Combat
 + Level 1.4 Spellcasting
 + Level 2.3 Translocations


You had 4 spell levels left.
You didn't know any spells.
Your spell library contained the following spells:

 Spells                   Type           Power      Damage    Failure   Level
 Blink                    Tloc           N/A        N/A       19%         2
 Gell's Gravitas          Tloc           2%         N/A       36%         3
 Lesser Beckoning         Tloc           2%         N/A       36%         3
 Teleport Other           Tloc           5%         N/A       36%         3
 Manifold Assault         Tloc           5%         N/A       98%         5


Dungeon Overview and Level Annotations

Branches:
Dungeon (2/15)

Altars:

Shops:
D:2 *

Annotations:
D:2 Natasha, Terence


Innate Abilities, Weirdness & Mutations

You are too large for most types of armour.
You have claws for hands.
Your natural rate of healing is unusually fast.
You are covered in fur. (AC +1)
You have tough skin. (AC +1)


Message History

Found 2 smoky grey potions.
Natasha hisses angrily.
Terence hits you with a +4 hand axe of electrocution.
You claw Terence!
Terence is heavily wounded.
The giant cockroach closely misses you.
Terence hits you with a +4 hand axe of electrocution.
You claw Terence!
Terence is almost dead.
The giant cockroach misses you. Natasha barely misses you.
Terence completely misses you.
You closely miss Terence.
Terence is almost dead.
The giant cockroach bites you but does no damage.
Natasha mumbles some strange words.
Terence hits you with a +4 hand axe of electrocution!
You scratch Terence but do no damage.
Terence is almost dead.
The giant cockroach barely misses you.
Natasha zaps a wand.
You resist with significant effort. Terence closely misses you.
The giant cockroach bites you but does no damage.
You closely miss Terence.
Terence is almost dead.
Natasha closely misses you.
The giant cockroach bites you but does no damage.
Terence hits you with a +4 hand axe of electrocution!
You are too injured to fight recklessly!
You are too injured to fight recklessly!
You are too injured to fight recklessly!
You closely miss Terence.
Terence is almost dead.
Natasha barely misses you. The giant cockroach barely misses you.
Terence hits you with a +4 hand axe of electrocution.
You closely miss Terence.
Terence is almost dead.
The white imp shouts, "Give up, thou bawdy tip-merry Cock-Lorel!"
Natasha barely misses you. The giant cockroach closely misses you.
Terence hits you with a +4 hand axe of electrocution.
You are electrocuted!
You die...

.# ## #........#
#...!....# #########
#<.......# ........#
#........# ........#
#........# ........#
#.....5..# ........#
#....B@h.# ........#
#$....@S.# .. [.......#
#......(.#..#. ........#
#.............
........########.#####..
........)......#.#
...............#.#####
...............#.##..
######.........#.##.###
#.........#.##...#


You could see Terence, Natasha, a white imp (summoned), a giant cockroach and a
ball python.

Vanquished Creatures
  An adder (D:2)
  2 dart slugs
  4 bats (D:1)
  5 endoplasms (D:1)
  A goblin (D:1)
  6 hobgoblins (D:1)
  3 ball pythons (D:1)
  2 frilled lizards
  4 kobolds
  A rat (D:1)
29 creatures vanquished.

Notes
Turn   | Place    | Note
-------+----------+-------------------------------------------
     0 | D:1      | Descartes the Troll Warper began the quest for the Orb.
     0 | D:1      | Reached XP level 1. HP: 19/19 MP: 1/1
   126 | D:1      | Reached skill level 1 in Throwing
   134 | D:1      | Reached XP level 2. HP: 28/28 MP: 2/2
   426 | D:1      | Reached XP level 3. HP: 31/35 MP: 4/4
   700 | D:2      | Found Xaceirph's General Store.
   744 | D:2      | Noticed Terence
   745 | D:2      | Noticed Natasha
   754 | D:2      | Slain by Terence

Illustrated notes

Levels and vault maps discovered:
D:1:      kennysheep_arrival_forest, layout_rooms, minivault_25
D:2:      layout_basic, serial_shops, shop, chequers_jeans, uniq_terence,
          uniq_natasha, uniq_robin

Skill      XL: |  1 |
---------------+----+-----
Throwing       | 1 |  1.3
Dodging        | 2 |  2.1
Fighting       | |  1.9
Unarmed Combat | |  2.8
Spellcasting   | |  1.4
Translocations | |  2.3

Action                   || total
-------------------------++-------
Melee: Unarmed           ||    70
Armor: Robe              ||    17
Dodge: Dodged            ||    39
